cohdb
Replays
Latest Replays
All Replays
Popular Replays
Top Player Replays
Match Explorer
How It Works
Community
CoH3 Stats
Reddit
Sign in to upload your games and track your stats! →
Sign in with Steam
Match 42306848
Unlisted
Match 42306848
Overview
Messages
Build Orders
End
Construct Infanterie Kompanie
Kettenkrad Recon Vehicle
Selects Mechanized Battlegroup
GrW 34 Mortar Team
Grenadier Squad
Grenadier Squad
Construct Luftwaffe Kompanie
Kettenkrad Recon Vehicle
Support Elements
Selects Raid Package
221 Scout Car
Marder III M Tank Destroyer
Selects Mobile Repair Stations
Marder III M Tank Destroyer
Kettenkrad Recon Vehicle
Construct Panzergrenadier Kompanie
251 Medium Carrier
Nebelwerfer 42 Rocket Launcher Team
MG 42 Machine Gun Team
Panzergrenadier Squad
Construct Panzer Kompanie
Selects Wespe Self-propelled Artillery
Panzergrenadier Squad
Mustache and Melons
_Nemez_
tank
Andrax
0
0
Comments
sign in to comment!
No comments posted yet!